Map: Golden Wall LE

Players

Texturace

  • Race: Zerg Zerg
  • League: Diamond
  • Spawn Location: 5:00

Haffey - Winner!

  • Race: Terran Terran
  • League: Grandmaster
  • Spawn Location: 7:00

VOD

Have the link to the VOD?

Description

Time

  • Played on: April 1, 2020, 12:30 a.m.
  • Length: 12:33
Show
View Real Time Build Order
Export as new Build Order

Texturace Zerg 

Build Orders: Hatch First, Muta Ling Bane 

Get SALT Encoding   

  12  0:01  Drone  
  13  0:12  Overlord  
  13  0:17  Drone  
  14  0:30  Drone x2  
  14  0:34  Drone  
  17  0:54  Hatchery  
  17  0:56  Drone  
  17  1:01  Drone, Extractor  
  17  1:16  Spawning Pool  
  16  1:19  Drone  
  16  1:22  Drone  
  18  1:28  Drone  
  19  1:39  Drone  
  20  1:49  Drone  
  21  2:06  Zergling x2, Queen x2  
  21  2:07  Zergling x2  
  27  2:09  Metabolic Boost  
  27  2:12  Drone  
  28  2:21  Overlord  
  28  2:37  Hatchery  
  27  2:39  Drone  
  28  2:48  Queen  
  28  2:49  Drone  
  28  2:50  Drone  
  32  2:54  Drone  
  32  2:55  Drone  
  34  2:59  Drone  
  34  3:03  Overlord  
  35  3:06  Drone  
  36  3:29  Overlord, Drone  
  36  3:30  Drone x4  
  41  3:45  Queen  
  41  3:46  Overlord, Queen  
  45  3:50  Drone  
  45  3:51  Drone x5  
  51  3:58  Queen  
  53  4:02  Overlord  
  53  4:04  Overlord  
  53  4:15  Drone x7  
  60  4:17  Extractor  
  59  4:24  Baneling Nest  
  59  4:30  Drone x3  
  61  4:32  Drone  
  61  4:33  Drone x4  
  66  4:48  Overlord x2  
  66  4:57  Extractor  
  65  5:04  Zergling x12  
  65  5:05  Evolution Chamber  
  65  5:07  Evolution Chamber, Drone x8  
  70  5:13  Lair  
  77  5:26  Extractor  
  77  5:27  Drone x2  
  77  5:28  Drone  
  79  5:34  Hatchery, Drone x3  
  79  5:35  Overlord x2  
  81  5:36  Hatchery  
  80  5:48  Zergling x2  
  80  5:49  Zergling x18  
  90  6:03  Extractor  
  89  6:05  Zerg Melee Weapons Level 1, Zerg Ground Armor Level 1  
  89  6:15  Drone x4  
  89  6:16  Spire  
  89  6:17  Centrifical Hooks  
  89  6:18  Extractor  
  91  6:21  Baneling  
  91  6:22  Baneling x5  
  91  6:23  Overlord  
  91  6:24  Overlord x2  
  91  6:26  Drone x2  
  91  6:27  Drone  
  91  6:28  Overlord  
  94  6:58  Zergling x2  
  94  6:59  Zergling x22  
  108  7:14  Overlord x3  
  106  7:22  Baneling  
  106  7:23  Baneling x14  
  106  7:26  Zergling x12  
  106  7:27  Zergling x16  
  106  7:29  Overlord  
  122  7:50  Mutalisk x2  
  122  7:51  Mutalisk x7  
  140  8:11  Zerg Melee Weapons Level 2  
  138  8:14  Zerg Ground Armor Level 2  
  122  8:28  Hatchery  
  108  8:37  Mutalisk  
  108  8:38  Mutalisk x2  
  109  8:41  Drone x2  
  109  8:42  Drone x5  
  113  8:52  Zergling x10  
  113  8:53  Zergling x10  
  113  8:55  Hatchery  
  122  8:57  Hatchery  
  122  9:00  Baneling  
  122  9:01  Baneling x10  
  121  9:21  Zergling x2  
  121  9:22  Zergling x14  
  127  9:31  Baneling x3  
  127  9:32  Baneling x2  
  125  9:44  Zergling x14  
  102  10:03  Zergling x18  
  104  10:13  Infestation Pit  
  101  10:15  Mutalisk  
  101  10:16  Mutalisk x7  
  108  10:30  Baneling  
  108  10:31  Baneling x9  
  106  10:36  Zergling x2  
  106  10:37  Zergling x26  
  120  10:56  Baneling x5  
  121  10:57  Zergling x10  
  121  10:58  Zergling x10  
  121  11:01  Queen  
  132  11:05  Hive  
  132  11:13  Drone x5  
  120  11:35  Zergling x2  
  120  11:36  Zergling x30  
  120  11:38  Baneling  
  120  11:39  Baneling x17  
  117  11:55  Zergling x2  
  117  11:56  Zergling x16, Hatchery  
Show
View Real Time Build Order
Export as new Build Order

Haffey Terran - Winner!

Build Orders: Reaper Expand 

Get SALT Encoding   

  12  0:00  SCV  
  13  0:12  SCV  
  14  0:17  Supply Depot  
  14  0:24  SCV  
  15  0:39  SCV  
  15  0:41  Barracks  
  16  0:44  Refinery  
  16  0:51  SCV  
  17  1:03  SCV  
  18  1:17  SCV  
  19  1:29  Orbital Command  
  19  1:37  Command Center  
  19  1:43  Reaper  
  20  1:49  Supply Depot  
  20  1:55  SCV  
  21  2:07  SCV  
  22  2:14  Factory  
  23  2:19  SCV  
  23  2:23  Barracks Reactor  
  23  2:28  Refinery  
  23  2:31  SCV  
  24  2:39  Barracks  
  24  2:43  SCV  
  25  2:50  Orbital Command  
  25  2:55  SCV  
  26  3:00  Marine x2  
  26  3:02  Factory Tech Lab  
  28  3:07  SCV  
  28  3:11  Command Center  
  29  3:17  SCV  
  29  3:19  SCV  
  31  3:30  Barracks Tech Lab  
  31  3:31  SCV  
  33  3:34  SCV  
  33  3:36  Refinery  
  33  3:41  Starport  
  33  3:42  Refinery  
  33  3:43  SCV  
  33  3:44  Marine  
  33  3:45  Marine  
  33  3:47  Marine  
  33  3:48  Stimpack  
  37  3:50  SCV  
  37  3:55  SCV, Supply Depot  
  40  4:02  SCV  
  40  4:03  Factory Reactor  
  40  4:07  SCV  
  40  4:08  Marine x3  
  44  4:15  SCV  
  45  4:17  Viking  
  45  4:19  SCV  
  45  4:23  Orbital Command  
  48  4:27  SCV  
  48  4:28  Marine x2  
  48  4:30  Engineering Bay, Marine  
  52  4:31  SCV  
  52  4:35  Engineering Bay  
  53  4:43  Supply Depot  
  53  4:44  SCV x2  
  55  4:47  Factory Tech Lab  
  55  4:51  SCV, Refinery  
  56  4:55  Medivac  
  56  4:56  SCV, Medivac, Marine  
  62  5:00  Marine  
  62  5:01  Marine  
  62  5:05  SCV  
  65  5:07  Terran Infantry Weapons Level 1  
  65  5:08  Terran Infantry Armor Level 1  
  66  5:14  SCV  
  66  5:15  Marine  
  66  5:16  Supply Depot  
  66  5:18  Marine  
  68  5:21  Orbital Command  
  68  5:28  SCV  
  69  5:32  SCV, Combat Shield  
  69  5:33  Marine x2  
  69  5:34  Siege Tank  
  75  5:36  Marine  
  75  5:42  Barracks  
  76  5:43  Barracks  
  76  5:44  Barracks  
  76  5:47  SCV  
  76  5:49  Starport Reactor  
  76  5:51  SCV  
  76  5:53  Marine x2  
  76  5:56  Marine  
  80  6:01  Supply Depot  
  80  6:02  Armory, Supply Depot  
  80  6:10  Marine  
  80  6:11  Marine  
  82  6:13  Siege Tank  
  85  6:23  SCV x3, Marine  
  89  6:27  Barracks  
  89  6:28  Marine x2, Barracks  
  89  6:30  Barracks  
  89  6:31  Marine x2  
  89  6:32  Barracks Reactor x2  
  93  6:35  Medivac  
  93  6:36  Medivac  
  97  6:40  SCV, Supply Depot  
  97  6:42  Supply Depot  
  97  6:45  SCV  
  97  6:46  Supply Depot  
  99  6:50  Marine  
  100  6:55  SCV  
  101  7:02  SCV x2, Siege Tank  
  101  7:03  Refinery, Marine x3  
  101  7:04  Marine  
  101  7:07  SCV, Marine, Terran Infantry Weapons Level 2  
  112  7:16  Marine x4  
  112  7:18  Barracks Reactor  
  112  7:19  Barracks Reactor x2  
  112  7:20  Terran Infantry Armor Level 2  
  112  7:21  Marine  
  112  7:22  SCV x3  
  120  7:25  Supply Depot  
  120  7:28  Supply Depot  
  120  7:32  Supply Depot  
  120  7:36  SCV x3  
  123  7:48  Marine x6  
  123  7:49  Marine x2  
  130  7:52  Marine  
  130  7:53  Medivac x2, Siege Tank  
  138  7:58  SCV  
  138  8:01  Supply Depot  
  138  8:02  Supply Depot  
  139  8:05  Marine  
  139  8:06  Supply Depot, Marine x3  
  124  8:30  Marine x4  
  124  8:31  Marine x11, Siege Tank  
  113  8:43  Command Center  
  113  8:46  Missile Turret x3  
  113  8:47  Command Center  
  113  8:48  Marine  
  109  8:50  Marine  
  109  8:51  Marine x10  
  121  8:58  Marine  
  121  8:59  Concussive Shells  
  121  9:02  Marine  
  123  9:05  Marine  
  123  9:08  Marine x3  
  127  9:15  Marine x4  
  131  9:28  Marine  
  131  9:29  Marine x3  
  135  9:36  Liberator x2  
  135  9:38  Terran Infantry Weapons Level 3, Terran Vehicle And Ship Armor Level 1, Terran Infantry Armor Level 3  
  140  9:40  Missile Turret  
  140  9:42  Missile Turret  
  140  9:43  Marine, Thor  
  140  9:44  Marine  
  121  10:01  Marine x8  
  121  10:06  Orbital Command  
  123  10:12  Marine  
  123  10:13  Marine x6  
  126  10:19  Medivac x2, Marine  
  130  10:30  Planetary Fortress, Marine x2  
  130  10:32  Missile Turret  
  130  10:33  Missile Turret  
  130  10:34  SCV x2  
  134  10:36  Missile Turret  
  134  10:40  Marine x3  
  134  10:41  Marauder, Marine x5  
  140  10:59  Marine x3  
  140  11:00  Marine  
  140  11:01  Marine x2  
  140  11:02  Command Center, Marine  
  140  11:03  Marine  
  148  11:08  Command Center  
  148  11:11  Orbital Command  
  148  11:24  Marine x6  
  148  11:25  Marine  
  152  11:31  Missile Turret x2, Marine  
  135  11:33  Marine x7  
  135  11:35  Thor  
  135  11:36  Medivac  
  135  11:37  Medivac  
  149  11:42  Marine x5  
  154  11:55  Marine x8  
  162  12:05  Barracks x3  
  163  12:11  Marine x7  
Tags
 
Add a new tag
Caveats
  • Supply blocks, unpowered buildings, or Contaminate may cause inaccurate times.
  • Supply counts are checked every 10 seconds.